 Dungeon Crawl Stone Soup version 0.21.0-24-g2553a33 (webtiles) character file.

10335 Jatast the Basher (level 11, 0/76 HPs)
             Began as a Gargoyle Monk on Jan 21, 2018.
             Was an Initiate of Gozag.
             Slain by a death yak (17 damage)
             ... on level 9 of the Dungeon.
             The game lasted 00:23:41 (10459 turns).

Jatast the Basher (Gargoyle Monk)                  Turns: 10459, Time: 00:23:42

Health: 0/76       AC: 27    Str: 18    XL:     11   Next: 60%
Magic:  11/11      EV:  7    Int: 11    God:    Gozag
Gold:   2123       SH:  0    Dex: 15    Spells: 10/10 levels left

rFire    . . .     SeeInvis .   q - +1 morningstar (freeze) (curse)
rCold    . . .     Gourm    .   (no shield)
rNeg     + . .     Faith    .   C - +0 plate armour
rPois    ∞         Spirit   .   t - +0 helmet
rElec    +         Reflect  .   h - +1 cloak
rCorr    .         Harm     .   (no gloves)
MR       .....                  w - +2 pair of boots {Fly}
Stlth    ..........             (no amulet)
HPRegen  0.22/turn              A - +3 ring of dexterity
MPRegen  0.12/turn              (no ring)

@: gold aura, flying
A: negative energy resistance 1, electricity resistance, unbreathing,
petrification resistance, rot immunity, AC +8
a: Potion Petition, Call Merchant, Bribe Branch, Renounce Religion, Stop Flying


You were on level 9 of the Dungeon.
You worshipped Gozag.
Gozag was most pleased with you.
You were not hungry.

You visited 1 branch of the dungeon, and saw 9 of its levels.
You also visited: Sewer and Ossuary.

You collected 2123 gold pieces.

Inventory:

Hand Weapons
 q - a cursed +1 morningstar of freezing (weapon)
Armour
 h - a +1 cloak (worn)
 t - a +0 helmet (worn)
 w - a +2 pair of boots of flying (worn)
 C - a +0 plate armour (worn)
Jewellery
 A - a +3 ring of dexterity (left hand)
Wands
 y - a wand of acid (21)
 z - a wand of iceblast (10)
 E - a wand of paralysis (2)
Scrolls
 a - 4 scrolls of blinking
 d - a scroll of enchant weapon
 f - 2 scrolls of teleportation
 g - 3 scrolls of amnesia
 i - a scroll of vulnerability
 u - 2 scrolls of enchant armour
 x - 6 scrolls of remove curse
 B - a scroll of fear
 D - a scroll of immolation
 G - a scroll of identify
Potions
 b - 4 potions of heal wounds
 e - 2 potions of agility
 j - 2 potions of haste
 k - 9 potions of curing
 l - a potion of cancellation {unknown}
 m - 4 potions of might {unknown}
 n - 5 potions of brilliance
 o - 3 potions of flight {unknown}
 p - 2 potions of mutation {unknown}
 r - a potion of lignification {unknown}
 s - a potion of invisibility {unknown}
 v - a potion of magic {unknown}
Books
 F - a book of Frost

   Spells                             Type                      Level
   a - Freeze                         Ice                          1
   b - Throw Frost                    Conjuration/Ice              2
   c - Ozocubu's Armour               Charms/Ice                   3
   d - Throw Icicle                   Conjuration/Ice              4
   e - Summon Ice Beast               Ice/Summoning                4
Comestibles
 c - 14 rations


   Skills:
 + Level 12.4 Fighting
 * Level 12.7 Maces & Flails
 + Level 6.4 Armour
 - Level 2.4 Dodging
 - Level 2.1 Stealth


You had 10 spell levels left.
You didn't know any spells.

Dungeon Overview and Level Annotations

Branches:
Dungeon (9/15)             Temple (0/1) D:6            Lair (0/6) D:9
    Orc: D:9-12

Altars:
Ashenzari
Dithmenos
Elyvilon
Gozag
Hepliaklqana
Qazlal
Ru
Sif Muna
Uskayaw
Vehumet
Yredelemnul
The Shining One

Shops:
D:4 }   D:5 (


Innate Abilities, Weirdness & Mutations

You are resistant to torment.
Your stone body is resilient. (AC +8)
You are immune to poison.
You resist negative energy. (rN+)
You are resistant to electric shocks. (rElec)
You can survive without breathing.
You are immune to petrification.
You are immune to rotting.


Message History

The death yak gores you!
* * * LOW HITPOINT WARNING * * *
Evoke which item? (* to show all) (? for menu, Esc to quit)
Aiming: Corrosive Bolt
Press: ? - help, Shift-Dir - straight line, f - death yak
Aim: a death yak (heavily wounded)
The bolt of acid hits the death yak.
The death yak is splashed with acid.
The acid corrodes the death yak!
The death yak is severely wounded.
You see here 21 gold pieces.
The death yak is distracted by the nearby gold.
You catch the helpless death yak completely off-guard!
You hit the death yak. You freeze the death yak.
The death yak is no longer distracted by gold.
The death yak is severely wounded.
You hit the death yak. You freeze the death yak.
The death yak is severely wounded.
The death yak gores you!
You die...
Your body crumbles into a pile of gold.

...................<.###.........
.................................
................................#
..........................<.....#
....................(....[......#
)............................(...
.......#.............###.........
...............≈≈≈...# #.........
.....#.........≈@≈...###....###..
..........#....Y≈$..........# #..
#.........#.................###..
#....>....#......................
#................................
....:............................
.......................≈≈≈.......
.......)...............≈≈≈.......
.#.....................≈≈Y.......


You could see a death yak.

Vanquished Creatures
  3 two-headed ogres (D:9)
  2 death yaks
  Pikel (D:4)
  A cyclops (D:9)
  A hornet (D:9)
  A hippogriff (D:9)
  A wyvern (D:9)
  A human (D:7)
  A steam dragon (D:9)
  4 hogs (D:7)
  A porcupine (D:9)
  2 orc warriors
  A sky beast (D:9)
  3 ice beasts
  6 phantoms
  An ogre (D:7)
  5 centaurs
  5 big kobolds
  2 elf zombies (Ossuary)
  5 bullfrogs
  A wyvern zombie (D:7)
  A wyvern skeleton (D:9)
  4 scorpions
  6 killer bees (D:7)
  7 wights
  An electric eel (D:9)
  A howler monkey (D:2)
  2 crimson imps (D:8)
  2 centaur zombies (Ossuary)
  4 hounds
  7 orc wizards
  3 human zombies (Ossuary)
  2 jellies
  5 orc priests
  3 centaur skeletons
  5 iguanas
  A hell rat (D:9)
  8 worker ants
  2 mummies (Ossuary)
  A hound skeleton (D:6)
  A howler monkey skeleton (D:6)
  6 gnolls
  20 adders
  A river rat (D:3)
  An ooze (Sewer)
  An adder skeleton (D:9)
  A worm (D:2)
  A dart slug (D:1)
  The ghost of Nanban the Grave Robber, a weakling SpNe (D:5)
  12 leopard geckos
  33 orcs
  12 bats
  8 giant cockroaches
  6 goblins
  7 hobgoblins
  24 jackals
  7 quokkas
  7 ball pythons
  5 frilled lizards
  2 goblin zombies (Ossuary)
  12 hobgoblin zombies (Ossuary)
  A jackal zombie (Ossuary)
  26 kobolds
  7 kobold zombies
  8 orc zombies (Ossuary)
  2 quokka zombies
  13 rats
  A rat zombie (Ossuary)
339 creatures vanquished.

Vanquished Creatures (others)
  A hound (D:4)
  An orc wizard (D:4)
  3 orcs (D:4)
  A quokka (D:4)
6 creatures vanquished.

Grand Total: 345 creatures vanquished

Notes
Turn   | Place    | Note
-------+----------+-------------------------------------------
     0 | D:1      | Jatast the Gargoyle Monk began the quest for the Orb.
     0 | D:1      | Reached XP level 1. HP: 14/14 MP: 1/1
   125 | D:1      | Reached XP level 2. HP: 13/19 MP: 2/2
   300 | D:1      | Reached XP level 3. HP: 24/24 MP: 3/3
   705 | D:2      | Reached XP level 4. HP: 21/29 MP: 4/4
  1233 | D:2      | Reached XP level 5. HP: 31/34 MP: 5/5
  1272 | D:2      | Reached skill level 5 in Fighting
  1454 | D:2      | Reached skill level 5 in Maces & Flails
  1469 | D:2      | Reached XP level 6. HP: 34/40 MP: 6/6
  1840 | D:3      | Found a glowing drain.
  1870 | Sewer    | Entered a sewer
  2112 | Sewer    | Reached XP level 7. HP: 39/47 MP: 7/7
  3080 | D:4      | Noticed Pikel
  3121 | D:4      | Killed Pikel
  3121 | D:4      | Reached XP level 8. HP: 24/54 MP: 8/8
  3388 | D:4      | Found Ogheefepp's Gadget Emporium.
  3498 | D:4      | Found a deep blue altar of Sif Muna.
  3745 | D:4      | Found an opulent altar of Gozag.
  3902 | D:4      | Found a hide-covered altar of Uskayaw.
  4002 | D:4      | Found a basalt altar of Yredelemnul.
  4051 | D:4      | Became a worshipper of Gozag Ym Sagoz the Greedy
  4059 | D:5      | Entered Level 5 of the Dungeon
  4235 | D:5      | Noticed Nanban's ghost (weakling SpNe)
  4478 | D:5      | Killed Nanban's ghost
  4775 | D:5      | Found a stormy altar of Qazlal.
  4952 | D:5      | Found Kehechiedo's Weapon Shop.
  4967 | D:5      | Reached XP level 9. HP: 53/60 MP: 9/9
  5071 | D:5      | Found a shadowy altar of Dithmenos.
  5306 | D:6      | Found a staircase to the Ecumenical Temple.
  5410 | D:6      | Reached skill level 10 in Fighting
  5698 | D:6      | Found a white marble altar of Elyvilon.
  5726 | D:6      | Found a sacrificial altar of Ru.
  6530 | D:7      | Found a shattered altar of Ashenzari.
  6904 | D:7      | Reached skill level 10 in Maces & Flails
  7089 | D:7      | Reached skill level 1 in Armour
  7089 | D:7      | Reached XP level 10. HP: 66/68 MP: 10/10
  7854 | D:8      | Found a sand-covered staircase.
  7883 | Ossuary  | Entered an ossuary
  9185 | D:9      | Noticed a two-headed ogre
  9366 | D:9      | Noticed a two-headed ogre
  9374 | D:9      | Killed a two-headed ogre
  9374 | D:9      | Reached skill level 5 in Armour
  9374 | D:9      | Reached XP level 11. HP: 76/76 MP: 11/11
  9378 | D:9      | Noticed a cyclops
  9436 | D:9      | Killed a cyclops
  9444 | D:9      | Killed a two-headed ogre
  9654 | D:9      | Found a glowing golden altar of the Shining One.
  9777 | D:9      | Found a radiant altar of Vehumet.
  9777 | D:9      | Found a hazy altar of Hepliaklqana.
  9823 | D:9      | Noticed a two-headed ogre
  9833 | D:9      | Killed a two-headed ogre
 10080 | D:9      | Noticed a death yak
 10081 | D:9      | Noticed a death yak
 10081 | D:9      | Noticed a death yak
 10116 | D:8      | Killed a death yak
 10296 | D:9      | Found a staircase to the Lair.
 10436 | D:9      | Killed a death yak
 10459 | D:9      | Slain by a death yak

Skill      XL: |  1  2  3  4  5  6  7  8  9 10 11 |
---------------+----------------------------------+-----
Fighting       | 4 5 6 7 9 10 11 12 | 12.4
Maces & Flails | 4 5 7 8 10 11 12 | 12.7
Armour         | 1 5 6 |  6.4
Dodging        | |  2.4
Stealth        | |  2.1

Action                   |  1- 3 |  4- 6 |  7- 9 | 10-12 || total
-------------------------+-------+-------+-------+-------++-------
Melee: Mace              |   169 |    45 |       |       ||   214
       Flail             |       |   242 |   117 |       ||   359
       Whip              |       |       |   531 |       ||   531
       Morningstar       |       |       |    22 |   518 ||   540
Evoke: Wand              |       |       |       |    13 ||    13
  Use: Potion            |       |     1 |     1 |     1 ||     3
       Scroll            |       |     7 |     6 |     4 ||    17
 Stab: Sleeping          |     1 |       |       |       ||     1
       Distracted        |       |       |     2 |     3 ||     5
       Paralysed         |       |       |       |     2 ||     2
  Eat: Chunk             |       |     5 |     6 |       ||    11
       Ration            |       |       |     3 |     4 ||     7
Armor: Ring mail         |    92 |    74 |       |       ||   166
       Chain mail        |       |   186 |   311 |       ||   497
       Plate armour      |       |       |    34 |   404 ||   438
Dodge: Dodged            |   133 |   195 |   199 |   126 ||   653
